 Dungeon Crawl Stone Soup version 0.30.1-11-g7821555f0a (webtiles) character file.

Game seed: 16243644079078375258

495 booth the Chopper (level 6, -1/49 HPs)
             Began as a Demonspawn Monk on Nov 6, 2023.
             Was a Follower of Ashenzari.
             Slain by a gnoll bouda
             ... wielding a +0 whip
              (10 damage)
             ... on level 4 of the Dungeon.
             The game lasted 00:22:26 (3911 turns).

booth the Chopper (Demonspawn Monk)                 Turns: 3911, Time: 00:22:26

Health: -1/49      AC:  4    Str: 13    XL:     6   Next: 92%
Magic:  6/6        EV: 14    Int: 11    God:    Ashenzari [*.....]
Gold:   144        SH:  0    Dex: 16    Spells: 5/5 levels left

rFire   . . .        a - +4 hand axe of the Cursed Sybil {Range, Elem} (curse)
rCold   . . .        (no shield)
rNeg    + . .        g - +2 robe {Will+}
rPois   .            (helmet restricted)
rElec   .            (no cloak)
rCorr   .            (no gloves)
SInv    +            (no boots)
Will    +....        (no amulet)
Stlth   +            k - ring of the Shattered Seer {rN+, Range, Cun} (curse)
HPRegen 0.28/turn    w - ring of see invisible
MPRegen 0.10/turn

%: no passive effects
@: lethally poisoned (-1 -> -12), about to teleport
A: antennae 2, hooves 1, weakness stinger 2
a: Renounce Religion, Shatter the Chains


You were on level 4 of the Dungeon.
You worshipped Ashenzari.
Ashenzari was aware of your devotion.
You visited 1 branch of the dungeon, and saw 4 of its levels.
You also visited: Sewer.

You collected 144 gold pieces.

Inventory:

Hand Weapons
 a - the cursed +4 hand axe of the Cursed Sybil (weapon) {Range, Elem}

   It has a curse which improves the following skills: Ranged Combat: Ranged
   Weapons and Throwing.
   Elements:  Fire Magic, Ice Magic, Air Magic and Earth Magic.
 p - a +0 mace
Armour
 d - an orb of light
 g - a +2 robe of willpower (worn)
 o - a +2 robe of fire resistance
Jewellery
 f - an amulet of faith
 k - the cursed ring of the Shattered Seer (left hand) {rN+, Range, Cun}
   (You found it on level 3 of the Dungeon)

   [ring of positive energy]

   rN:        It protects you from negative energy.
   It has a curse which improves the following skills: Ranged Combat: Ranged
   Weapons and Throwing.
   Cunning:   Dodging and Stealth.
 w - a ring of see invisible (right hand)
Wands
 q - a wand of flame (10)
Scrolls
 i - a scroll of magic mapping
 l - 4 scrolls of teleportation
 m - a scroll of enchant weapon
 n - 2 scrolls of fear
 s - a scroll of blinking
 t - a scroll of butterflies
Potions
 c - 3 potions of ambrosia
 e - 2 potions of resistance
 h - a potion of curing
 j - a potion of berserk rage
 r - 2 potions of heal wounds
 u - a potion of magic
 v - a potion of might


   Skills:
 + Level 4.3 Fighting
 * Level 5.0 Axes
 + Level 2.6(3.6) Throwing
 + Level 4.0(4.8) Dodging


You had 5 spell levels left.
You didn't know any spells.
Your spell library contained the following spells:

 Spells                   Type           Power      Damage    Failure   Level
 Dazzling Flash           Conj/Hex       0%         N/A       71%         3
 Volatile Blastmotes      Fire/Tloc      0%         2d10      71%         3
 Iskenderun's Mystic Bla  Conj/Tloc      0%         2d3       98%         4
 Starburst                Conj/Fire      0%         6d3       100%        6


Dungeon Overview and Level Annotations

Branches:
Dungeon (4/15)              Sewer (visited)
 Temple: D:4-7

Altars:
Ashenzari
Yredelemnul


Innate Abilities, Weirdness & Mutations

You have a pair of antennae on your head.
You have large cloven feet.
You have a tail ending in a sharp stinger.


Message History

The gnoll bouda gazes fiercely through you!
You feel your attacks grow feeble. The gnoll bouda barely misses you.
You closely miss the gnoll bouda.
You kick the gnoll bouda, but do no damage.
The gnoll hits you from afar with a +0 halberd of venom.
You are poisoned.
The gnoll bouda barely misses you.
You hit the gnoll bouda.
The gnoll bouda is moderately wounded.
You feel sick.
The gnoll hits you from afar with a +0 halberd of venom!
The gnoll bouda hits you but does no damage.
You hit the gnoll bouda.
You kick the gnoll bouda, but do no damage.
The gnoll bouda is heavily wounded.
Your attacks no longer feel as feeble.
You feel sick. The gnoll misses you.
The gnoll bouda hits you with a +0 whip!
* * * LOW HITPOINT WARNING * * *
As you read the scroll of teleportation, it crumbles to dust.
You feel strangely unstable.
You feel sick. The gnoll closely misses you.
The gnoll bouda hits you but does no damage.
You feel much better.
You feel sick.
The gnoll hits you from afar with a +0 halberd of venom!
You are more poisoned.
The gnoll bouda completely misses you.
You barely miss the gnoll bouda.
The gnoll bouda is heavily wounded.
You feel very sick. The gnoll misses you.
The gnoll bouda hits you with a +0 whip.
* * * LOW HITPOINT WARNING * * *
You hit the gnoll bouda.
The gnoll bouda is heavily wounded.
* * * LOW HITPOINT WARNING * * *
You feel very sick. The gnoll barely misses you.
The gnoll bouda hits you with a +0 whip!
You die...

#..<.....#.# #.#.#.#
#.#.##.#.#.# #.#(#.#
#.#.##.#.#.# #.#.#.###
..#.##.#.#.# ##
#.#.#...# ....##.#.#.#
#. #.#.###.#
##.###.#.#.#.#.##.#.#
#.# ~#.#
#.#.#.#......#)# #.#
.#.# #.#.#.####.###.#
#.# ~#.#
#.#.#.#....@ggg# #.#
~#.#
#.#.#.#.##.#######.###
##.#
#.#.#.#.##.<#........#
...#
#.#.#.#.##..#.########
.### #.#.#.#.##|.#.#
.#####.#.#.#.#...#.#
.......#...#.#####.#
############.......#
#.#######


You could see a gnoll bouda and 2 gnolls.

Vanquished Creatures
  Sigmund (D:2)
  Pargi (Sewer)
  Natasha (thrice) (D:2)
  3 gnolls (D:4)
  6 adders
  A shadow imp (D:4)
  4 dart slugs
  An orc (D:3)
  5 ball pythons
  4 endoplasms
  4 giant cockroaches
  7 goblins
  4 hobgoblins
  A jackal (D:2)
  4 kobolds
  4 quokkas
  4 bats
  6 frilled lizards
  5 rats
68 creatures vanquished.

Notes
Turn   | Place    | Note
-------+----------+-------------------------------------------
     0 | D:1      | booth the Demonspawn Monk began the quest for the Orb.
     0 | D:1      | Reached XP level 1. HP: 18/18 MP: 1/1
   258 | D:1      | Discovered your monstrous ancestry.
   258 | D:1      | Gained mutation: You have a pair of small antennae on your
                  | head. [demonic ancestry]
   258 | D:1      | Reached XP level 2. HP: 24/24 MP: 2/2
   268 | D:1      | Reached skill level 3 in Axes
   663 | D:2      | Gained mutation: You have a small tail. [demonic ancestry]
   663 | D:2      | Reached XP level 3. HP: 29/29 MP: 3/3
   731 | D:2      | Noticed Natasha
   737 | D:2      | Killed Natasha
   738 | D:2      | Reached skill level 1 in Throwing
   838 | D:2      | Gained mutation: You have large cloven feet. [demonic
                  | ancestry]
   838 | D:2      | Reached XP level 4. HP: 33/35 MP: 4/4
   993 | D:2      | Noticed Natasha
  1011 | D:2      | Killed Natasha
  1244 | D:2      | Noticed Natasha
  1252 | D:2      | Killed Natasha
  1349 | D:2      | Noticed Sigmund
  1359 | D:2      | Killed Sigmund
  1360 | D:2      | Reached skill level 4 in Axes
  1360 | D:2      | Gained mutation: You have a pair of antennae on your head.
                  | [demonic ancestry]
  1360 | D:2      | Reached XP level 5. HP: 42/42 MP: 5/5
  1360 | D:2      | Gained mutation: You have a tail ending in a sharp stinger.
                  | [demonic ancestry]
  1360 | D:2      | Reached XP level 6. HP: 48/48 MP: 6/6
  1498 | D:2      | Found a faded altar of an unknown god.
  2817 | D:4      | Found a glowing drain.
  2822 | Sewer    | Entered a sewer
  2844 | Sewer    | Noticed Pargi
  2858 | Sewer    | Killed Pargi
  3534 | D:4      | Found a basalt altar of Yredelemnul.
  3546 | D:4      | Found a broken altar of Ashenzari.
  3664 | D:4      | Became a worshipper of Ashenzari the Shackled
  3706 | D:4      | Reached * piety under Ashenzari
  3869 | D:4      | Reached skill level 5 in Axes
  3911 | D:4      | Slain by a gnoll bouda

Illustrated notes

Levels and vault maps discovered:
D:1:      ncdulo_lavacross, layout_rooms
D:2:      wad_river_or_something, layout_loops_ring,
          shapermc_ecumenical_altar_mp_highgroup, grunt_decor_resistance,
          uniq_natasha, uniq_sigmund
D:3:      layout_basic, st_stairs_14
D:4:      layout_basic, mainiacjoe_overflow_large_starburst,
          gup_sewer_entry_bowl

Skill      XL: |  1  2  3  4  5  6 |
---------------+-------------------+-----
Axes           | 3 4 5 |  5.0
Dodging        | 3 4 |  4.0
Throwing       | 1 2 |  2.6
Fighting       | 4 |  4.3

Action                     |  1- 3 |  4- 6 || total
---------------------------+-------+-------++-------
  Melee: Hand axe          |    61 |   116 ||   177
         Tailslap          |     3 |    15 ||    18
         Kick              |       |    38 ||    38
  Throw: Dart              |     6 |     5 ||    11
 Invoke: Curse Item        |       |     2 ||     2
    Use: Scroll            |     5 |     7 ||    12
         Potion            |       |     5 ||     5
 Armour: Robe              |    10 |    29 ||    39
  Dodge: Dodged            |    37 |    81 ||   118
